 Dungeon Crawl Stone Soup version 0.19-a0-1638-ga6c562e (webtiles) character file.

1957 LORDOFBUTT the Covert (level 9, -16/54 HPs)
             Began as an Octopode Assassin on Sept 20, 2016.
             Was an Initiate of Gozag.
             Demolished by an orc warrior
             ... wielding a +0 trident
              (19 damage)
             ... on level 7 of the Dungeon.
             The game lasted 00:06:57 (6000 turns).

LORDOFBUTT the Covert (Octopode Assassin)           Turns: 6000, Time: 00:06:58

Health: -16/54     AC:  1    Str: 11    XL:     9   Next: 19%
Magic:  9/9        EV: 16    Int: 13    God:    Gozag
Gold:   758        SH:  0    Dex: 16    Spells: 0 memorised, 8 levels left

rFire  + . .     SeeInvis .     a - +2 dagger
rCold  . . .     Gourm    .     (no shield)
rNeg   . . .     Faith    .     (helmet restricted)
rPois  .         Spirit   .     (no amulet)
rElec  .         Dismiss  .     e - ring of protection from fire
rCorr  .         Reflect  .     (no ring)
MR     .....     Harm     .     (no ring)
Stlth  +++++++...               (no ring)
                                (no ring)
                                (no ring)
                                (no ring)
                                (no ring)

@: drained
A: almost no armour, stealthy swim, amphibious, 8 rings, constrict 8, camouflage
1, gelatinous body 1
a: Potion Petition, Call Merchant, Bribe Branch, Renounce Religion


You were on level 7 of the Dungeon.
You worshipped Gozag.
Gozag was pleased with you.
You were hungry.

You visited 2 branches of the dungeon, and saw 8 of its levels.
You also visited: Sewer.

You collected 843 gold pieces.
You paid 85 gold pieces to Gozag.

Inventory:

Hand Weapons
 a - a +2 dagger (weapon)
 b - a +0 blowgun
Missiles
 c - 8 poisoned needles
 d - 2 curare-tipped needles
 n - 8 needles of confusion
Jewellery
 e - a ring of protection from fire (left tentacle)
Wands
 s - a wand of flame (28/48)
 w - a wand of polymorph (7/24)
Scrolls
 h - 3 scrolls of teleportation {unknown}
 j - a scroll of blinking
 k - 3 scrolls of remove curse {unknown}
 m - a scroll of noise {unknown}
 o - 4 scrolls of amnesia {unknown}
 p - 2 scrolls of immolation {unknown}
 u - 3 scrolls of fear {unknown}
 y - 2 scrolls of magic mapping {unknown}
 A - a scroll of enchant armour {unknown}
 B - 2 scrolls of identify
Potions
 i - a potion of cure mutation
 l - a potion of magic
 q - 2 potions of heal wounds
 r - 4 potions of curing
 t - a potion of haste
 v - 4 potions of brilliance {unknown}
 x - 6 potions of might
 z - a potion of flight {unknown}
Comestibles
 f - a bread ration
 g - 2 meat rations


   Skills:
 - Level 2.1(1.7) Fighting
 + Level 5.9(5.4) Short Blades
 - Level 2.0(1.5) Throwing
 + Level 5.7(5.3) Dodging
 * Level 12.7(12.1) Stealth


You had 8 spell levels left.
You didn't know any spells.

Dungeon Overview and Level Annotations

Branches:
Dungeon (7/15)             Temple (1/1) D:4

Altars:
Ashenzari
Cheibriados
Dithmenos
Elyvilon
Fedhas
Gozag
Hepliaklqana
Kikubaaqudgha
Makhleb
Nemelex Xobeh
Okawaru
Qazlal
Ru
Sif Muna
Trog
Uskayaw
Vehumet
Xom
Yredelemnul
Zin
The Shining One


Innate Abilities, Weirdness & Mutations

You cannot wear most types of armour.
You are very stealthy in the water.
You are amphibious.
You can wear up to eight rings at the same time.
You can use your tentacles to constrict eight enemies at once.
Your skin changes colour to match your surroundings (Stealth+).
Your rubbery body absorbs attacks. (AC +1, EV +1)


Message History

You constrict the orc warrior.
The orc warrior hits you with a trident!
* * * LOW HITPOINT WARNING * * *
You are too injured to fight recklessly!
You are too injured to fight recklessly!
You are too injured to fight recklessly!
You are feeling hungry.
You hit the orc warrior.
The orc warrior is almost dead.
You constrict the orc warrior.
You hit the orc warrior but do no damage.
The orc warrior is almost dead.
You constrict the orc warrior, but do no damage.
The orc warrior closely misses you.
You hit the orc warrior but do no damage.
The orc warrior is almost dead.
You constrict the orc warrior.
The orc warrior hits you with a trident!!
You die...
Your body crumbles into a pile of gold.

.# ##... ..###<..
.....( #...# #...##
#....## #..#..##
##.###..###########
#..# ##.......$@oo#
##.## ##.)..#######
...# #....# <.##
#...## ### #.....#
#.....# #...##.
....# ##


You could see an orc warrior and an orc.

Vanquished Creatures
  Sigmund (D:5)
  An ice beast (D:6)
  2 necrophages
  A phantom (D:6)
  3 ogres (D:4)
  2 big kobolds (Sewer)
  A wyvern skeleton (D:6)
  A scorpion (D:5)
  4 wights
  2 crimson imps
  3 hounds
  4 orc priests
  An orc wizard (D:3)
  3 worker ants
  A hound skeleton (D:6)
  A howler monkey skeleton (D:4)
  10 river rats (Sewer)
  12 adders
  2 shadow imps
  2 adder skeletons
  3 worms (D:3)
  5 dart slugs
  3 leopard geckos
  21 orcs
  9 ball pythons
  7 bats
  8 giant cockroaches
  11 goblins
  6 hobgoblins
  13 jackals
  20 kobolds
  2 quokkas
  4 frilled lizards
  A leopard gecko zombie (D:6)
  30 rats
200 creatures vanquished.

Notes
Turn   | Place    | Note
-------+----------+-------------------------------------------
     0 | D:1      | LORDOFBUTT the Octopode Assassin began the quest for the Orb.
     0 | D:1      | Reached XP level 1. HP: 14/14 MP: 1/1
   110 | D:1      | Reached XP level 2. HP: 16/19 MP: 2/2
   121 | D:1      | Reached skill level 6 in Stealth
   579 | D:1      | Reached XP level 3. HP: 21/24 MP: 3/3
  1030 | D:2      | Reached skill level 7 in Stealth
  1030 | D:2      | Reached XP level 4. HP: 26/29 MP: 4/4
  1414 | D:3      | Found a faded altar of an unknown god.
  1421 | D:3      | Reached XP level 5. HP: 22/34 MP: 5/5
  1562 | D:3      | Reached skill level 8 in Stealth
  1564 | D:3      | Noticed a necrophage
  1859 | D:2      | Killed a necrophage
  1859 | D:2      | Reached XP level 6. HP: 13/39 MP: 6/6
  2402 | D:3      | Reached skill level 9 in Stealth
  2849 | D:4      | Reached XP level 7. HP: 14/45 MP: 7/7
  3294 | D:4      | Reached skill level 10 in Stealth
  3334 | D:4      | Found a staircase to the Ecumenical Temple.
  3587 | D:5      | Entered Level 5 of the Dungeon
  3609 | Temple   | Entered the Ecumenical Temple
  3797 | Temple   | Became a worshipper of Gozag Ym Sagoz the Greedy
  3965 | D:5      | Noticed Sigmund
  3977 | D:5      | Killed Sigmund
  3977 | D:5      | Reached XP level 8. HP: 36/50 MP: 8/8
  4139 | D:5      | Found a sand-covered staircase.
  4203 | D:5      | Reached skill level 11 in Stealth
  4459 | D:6      | Reached skill level 5 in Short Blades
  4582 | D:6      | Found a glowing drain.
  4607 | Sewer    | Entered a sewer
  4874 | Sewer    | Reached skill level 5 in Dodging
  4934 | Sewer    | Reached skill level 12 in Stealth
  5627 | D:6      | Reached XP level 9. HP: 54/54 MP: 9/9
  5997 | D:7      | HP: 2/54 [orc warrior/trident (17)]
  6000 | D:7      | Demolished by an orc warrior

Vault maps used:
D:1:      matt_arrival_los_fun, minmay_split_cup_large
D:2:      minmay_rat_gold_closets
D:3:      ecumenical_altar_1
D:4:      first_bread
D:5:      nicolae_ossuary_entry_monument, uniq_sigmund
D:6:      gup_sewer_entry_glass
Temple:   roderic_octagonal_lattice_temple
Sewer:    sewer_minmay_treatment

Skill      XL: |  1  2  3  4  5  6  7  8 |
---------------+-------------------------+-----
Stealth        | 6 7 8 9 10 12 | 12.7
Dodging        | 2 3 4 5 |  5.7
Short Blades   | 3 4 5 |  5.9
Fighting       | |  2.1
Throwing       | |  2.0

Action                   |  1- 3 |  4- 6 |  7- 9 || total
-------------------------+-------+-------+-------++-------
Melee: Dagger            |    80 |   112 |   316 ||   508
       Constrict         |    17 |    30 |    63 ||   110
       Tentacles         |    12 |    26 |    90 ||   128
  Use: Potion            |       |     3 |     3 ||     6
       Scroll            |       |     1 |     5 ||     6
 Stab: Sleeping          |    20 |    13 |    18 ||    51
       Distracted        |       |     1 |     5 ||     6
  Eat: Meat ration       |       |     1 |       ||     1
       Chunk             |       |     1 |     1 ||     2
       Bread ration      |       |       |     2 ||     2
Armor: Skin              |     4 |     6 |    17 ||    27
Dodge: Dodged            |    49 |    70 |   184 ||   303
